 Dungeon Crawl Stone Soup version 0.22.0-16-gc6d26f6 (webtiles) character file.

12046 Lavandula the Cleaver (level 11, 0/95 HPs)
             Began as a Centaur Berserker on Aug 16, 2018.
             Was an Elder of Trog.
             Shot with an arrow by a centaur warrior (12 damage)
             ... on level 13 of the Dungeon on Aug 17, 2018.
             The game lasted 00:26:39 (6249 turns).

Lavandula the Cleaver (Centaur Berserker)           Turns: 6249, Time: 00:26:40

Health: 0/95       AC:  7    Str: 27    XL:     11   Next: 57%
Magic:  4/4        EV: 10    Int: 11    God:    Trog [****..]
Gold:   259        SH:  0    Dex: 10    Spells: 10/10 levels left

rFire    . . .     SeeInvis .   l - +2 hand axe (antimagic)
rCold    + . .     Gourm    .   (no shield)
rNeg     . . .     Faith    .   f - +0 ring mail
rPois    +         Spirit   .   M - +0 helmet
rElec    .         Reflect  .   i - +0 cloak
rCorr    .         Harm     .   (no gloves)
MR       +++..                  (no barding)
Stlth    ..........             (no amulet)
HPRegen  1.25/turn              r - ring "Weozois" {rPois rC+}
MPRegen  0.09/turn              x - ring of protection from magic

@: mighty, brilliant, about to teleport, very slightly contaminated,
regenerating, very quick
A: large, hooves 3, deformed body, speed 2, tough skin 3
a: Berserk, Trog's Hand, Brothers in Arms, Renounce Religion


You were on level 13 of the Dungeon.
You worshipped Trog.
Trog was greatly pleased with you.
You were hungry.

You visited 1 branch of the dungeon, and saw 13 of its levels.

You collected 417 gold pieces.
You spent 158 gold pieces at shops.

Inventory:

Hand Weapons
 a - a +0 hand axe
 h - a +3 quarterstaff of chaos
 l - a +2 antimagic hand axe (weapon)
 F - a +0 whip of electrocution
Missiles
 D - 3 tomahawks
 J - 3 javelins of penetration (quivered)
Armour
 b - a +0 animal skin
 f - a +0 ring mail (worn)
 i - a +0 cloak (worn)
 j - a +1 robe of cold resistance
 E - a +0 helmet
 M - a +0 helmet (worn)
Magical Staves
 v - an uncursed staff of fire {unknown}
Jewellery
 k - an uncursed ring of fire
 r - the ring "Weozois" (left hand) {rPois rC+}
   (You found it on level 6 of the Dungeon)

   [ring of protection from cold]

   It protects you from cold.
   It protects you from poison.
 x - a ring of protection from magic (right hand)
 L - an uncursed ring of ice
Wands
 n - a wand of polymorph (9)
 t - a wand of paralysis (13)
 w - a wand of acid (4)
Scrolls
 m - a scroll of remove curse
 o - 2 scrolls of teleportation
 p - 2 scrolls of immolation
 q - a scroll of acquirement {unknown}
 y - a scroll of fog {unknown}
 z - a scroll of torment
 B - a scroll of magic mapping {unknown}
 C - a scroll of noise {unknown}
 H - a scroll of enchant armour {unknown}
 I - a scroll of amnesia
Potions
 d - a potion of flight {unknown}
 g - a potion of brilliance
 s - 2 potions of curing {unknown}
 u - a potion of haste {unknown}
 G - 2 potions of ambrosia
 K - a potion of cancellation {unknown}
 N - 2 potions of might
 P - a potion of agility {unknown}
Comestibles
 c - 9 rations


   Skills:
 - Level 8.8 Fighting
 + Level 13.9 Axes
 - Level 2.7 Throwing
 - Level 1.3 Armour
 - Level 3.6 Dodging
 - Level 3.1 Evocations


You had 10 spell levels left.
You didn't know any spells.
Your spell library contained the following spells:

 Spells                   Type           Power        Failure   Level  Hunger
 Bolt of Cold             Conj/Ice       #.........   99%         6    #######
 Throw Frost              Conj/Ice       #.....       9%          2    ###....
 Ozocubu's Armour         Chrm/Ice       #.......     16%         3    ####...
 Simulacrum               Ice/Necr       #.........   99%         6    #######


Dungeon Overview and Level Annotations

Branches:
Dungeon (13/15)            Temple (0/1) D:5
   Lair: D:8-11         Orc: D:9-12      Vaults: D:13-14

Altars:
Ashenzari
Makhleb
Uskayaw
Wu Jian

Shops:
D:6 *

Annotations:
D:9 Psyche
D:13 Maurice, Urug


Innate Abilities, Weirdness & Mutations

You have hooves in place of feet.
Armour fits poorly on your strangely shaped body.
You cover ground very quickly.
You have extremely tough skin. (AC +3)


Message History

Unknown command.
A human comes into view.
The human shouts!
You hear a zap.
Something tries to affect you, but you resist.
Unknown command.
You bump into the rock wall.
You're too confused!
Unknown command.
It was a potion of brilliance.
You feel clever all of a sudden.
You feel less invigorated.
You feel less confused. The human hits you but does no damage.
The centaur warrior shoots an arrow.
The arrow hits you!
* * * LOW HITPOINT WARNING * * *
Okay, then.
As you read the scroll of teleportation, it crumbles to dust.
You feel strangely unstable.
The centaur warrior shoots an arrow.
The arrow hits you!
You die...

### ###########
#.. ...........
#.c .....$#####
#.# ###...#
#.########...#
#............##
#.p............
#@############.
# #(#######
#((......
#..((..o:
#........
#........
#........
#........
#........


You could see a centaur warrior and a human.

Vanquished Creatures
  A two-headed ogre (D:10)
  2 slime creatures (D:12)
  3 centaur zombies
  A gargoyle (D:12)
  A komodo dragon (D:10)
  A troll (D:9)
  3 hippogriffs
  A shadow (D:12)
  A wyvern (D:13)
  A wraith (D:11)
  10 yaks
  A hungry ghost (D:11)
  10 soldier ants (D:9)
  3 orc warriors
  A hornet zombie (D:10)
  An ogre (D:11)
  2 black bears (D:9)
  3 sky beasts
  5 centaurs
  A big kobold (D:13)
  8 bullfrogs
  2 scorpions
  A killer bee (D:9)
  A water moccasin skeleton (D:9)
  3 wights (D:8)
  2 crimson imps
  A bullfrog zombie (D:10)
  A centaur skeleton (D:9)
  3 jellies
  Crazy Yiuf (D:2)
  5 orc priests
  3 hounds
  A gnoll shaman (D:5)
  6 orc wizards
  2 iguanas
  33 worker ants
  A hound skeleton (D:8)
  A howler monkey zombie (D:5)
  A worker ant zombie (D:5)
  4 gnolls
  10 adders
  4 shadow imps
  An adder zombie (D:6)
  A worm (D:4)
  3 leopard geckos
  36 orcs
  2 giant cockroaches
  A goblin (D:3)
  2 hobgoblins (D:1)
  11 jackals
  13 kobolds
  2 quokkas (D:6)
  2 bats (D:1)
  5 frilled lizards
  2 quokka skeletons
  8 rats
235 creatures vanquished.

Vanquished Creatures (collateral kills)
  Fannar (D:11)
  A hydra (D:11)
  A queen ant (D:9)
  An ugly thing (D:11)
  A vampire (D:11)
  2 worker ants (D:9)
  An orc (D:11)
8 creatures vanquished.

Grand Total: 243 creatures vanquished

Notes
Turn   | Place    | Note
-------+----------+-------------------------------------------
     0 | D:1      | Lavandula the Centaur Berserker began the quest for the Orb.
     0 | D:1      | Reached XP level 1. HP: 19/19 MP: 1/1
    70 | D:1      | Reached skill level 3 in Axes
    72 | D:1      | Reached XP level 2. HP: 26/26 MP: 2/2
   275 | D:2      | Found a runed door.
   290 | D:2      | Noticed Crazy Yiuf
   317 | D:2      | Killed Crazy Yiuf
   317 | D:2      | Reached skill level 4 in Axes
   317 | D:2      | Reached XP level 3. HP: 31/31 MP: 3/3
   456 | D:2      | Reached ** piety under Trog
   468 | D:2      | Reached XP level 4. HP: 35/38 MP: 4/4
   557 | D:3      | Reached skill level 5 in Axes
   839 | D:5      | Entered Level 5 of the Dungeon
   972 | D:4      | Reached XP level 5. HP: 32/45 MP: 5/5
  1402 | D:5      | Found a staircase to the Ecumenical Temple.
  1463 | D:5      | Reached XP level 6. HP: 31/51 MP: 6/6
  1497 | D:5      | Found a shattered altar of Ashenzari.
  1772 | D:6      | Reached skill level 6 in Axes
  1772 | D:6      | Reached XP level 7. HP: 6/57 MP: 2/7
  1919 | D:6      | Got a wavering amber ring
  1920 | D:6      | Identified the ring "Weozois" {rPois rC+} (You found it on level 6 of the Dungeon)
  2196 | D:6      | Reached skill level 1 in Evocations
  2262 | D:6      | Reached skill level 7 in Axes
  2276 | D:6      | Reached *** piety under Trog
  2384 | D:6      | Found Faehiqer's Assorted Antiques.
  2392 | D:6      | Bought a murky inky potion for 20 gold pieces
  2392 | D:6      | Bought a scroll labeled UTIGYAN AHADU for 23 gold pieces
  2392 | D:6      | Bought a brass ring for 115 gold pieces
  2554 | D:7      | Reached XP level 8. HP: 47/63 MP: 3/9
  2657 | D:7      | Reached skill level 8 in Axes
  2937 | D:8      | Reached skill level 5 in Fighting
  2979 | D:8      | Found a hide-covered altar of Uskayaw.
  2979 | D:8      | Found a faded altar of an unknown god.
  3003 | D:8      | Noticed a hippogriff
  3011 | D:8      | Killed a hippogriff
  3278 | D:9      | Reached skill level 9 in Axes
  3278 | D:9      | Reached XP level 9. HP: 31/74 MP: 3/11
  3326 | D:9      | Reached **** piety under Trog
  3730 | D:9      | Reached skill level 1 in Throwing
  3797 | D:9      | Noticed a troll
  3820 | D:9      | Killed a troll
  3835 | D:8      | Reached XP level 10. HP: 11/90 MP: 4/12
  4366 | D:9      | Reached skill level 10 in Axes
  4396 | D:9      | Noticed a queen ant
  4416 | D:9      | HP: 4/90 [queen ant (8)]
  4421 | D:9      | Killed a queen ant
  4674 | D:9      | Received a gift from Trog
  4674 | D:9      | Noticed Psyche
  4892 | D:9      | Found an ornate altar of the Wu Jian Council.
  4911 | D:9      | Found a burning altar of Makhleb.
  4923 | D:9      | Reached skill level 11 in Axes
  4978 | D:10     | Entered Level 10 of the Dungeon
  5130 | D:10     | Received a gift from Trog
  5300 | D:10     | Noticed a two-headed ogre
  5326 | D:10     | Killed a two-headed ogre
  5326 | D:10     | Reached skill level 12 in Axes
  5428 | D:11     | Reached XP level 11. HP: 67/95 MP: 4/13
  5606 | D:11     | Noticed a five-headed hydra
  5608 | D:11     | Noticed a cyan ugly thing
  5612 | D:11     | Noticed Fannar
  5615 | D:11     | Killed a five-headed hydra
  5615 | D:11     | Received a gift from Trog
  5618 | D:11     | Killed a cyan ugly thing
  5629 | D:11     | Killed Fannar
  5629 | D:11     | Reached skill level 13 in Axes
  6016 | D:12     | Identified the Reference Book on Cold
  6220 | D:13     | Noticed a centaur warrior
  6227 | D:13     | Upgraded the game from 0.22.0-13-g43fe8f2 to 0.22.0-16-gc6d26f6
  6237 | D:13     | Noticed Maurice
  6238 | D:13     | Noticed Urug
  6249 | D:13     | Shot with an arrow by a centaur warrior

Skill      XL: |  1  2  3  4  5  6  7  8  9 10 11 |
---------------+----------------------------------+-----
Axes           | 3 4 5 6 7 9 12 13 | 13.9
Dodging        | 2 3 |  3.6
Evocations     | 1 3 |  3.1
Fighting       | 5 8 |  8.8
Throwing       | 2 |  2.7
Armour         | |  1.3

Action                   |  1- 3 |  4- 6 |  7- 9 | 10-12 || total
-------------------------+-------+-------+-------+-------++-------
Melee: Hand axe          |    20 |    19 |   189 |   270 ||   498
       Kick              |     2 |    21 |    48 |    94 ||   165
       Quarterstaff      |    22 |    69 |       |       ||    91
Throw: Tomahawk          |       |       |     6 |     6 ||    12
       Javelin           |       |       |       |    12 ||    12
Invok: Berserk           |     3 |     3 |    12 |    16 ||    34
       Trog's Hand       |       |       |     2 |     4 ||     6
       Brothers in Arms  |       |       |       |     3 ||     3
Evoke: Wand              |       |       |     1 |     8 ||     9
  Use: Scroll            |       |     3 |     3 |     5 ||    11
       Potion            |       |       |       |     5 ||     5
 Stab: Paralysed         |       |       |       |     9 ||     9
  Eat: Chunk             |       |     7 |    14 |    17 ||    38
       Ration            |       |       |     1 |     2 ||     3
Armor: Animal skin       |     7 |       |       |       ||     7
       Ring mail         |    10 |    15 |    59 |    55 ||   139
Dodge: Dodged            |    27 |    38 |    83 |   104 ||   252
